 Dungeon Crawl Stone Soup version 0.19.4 (webtiles) character file.

16209 Jerry the Carver (level 12, -14/94 HPs)
             Began as a Demonspawn Berserker on Jan 30, 2017.
             Was a High Priest of Trog.
             Hit by a large rock thrown by a cyclops (33 damage)
             ... on level 12 of the Dungeon.
             The game lasted 00:34:59 (14239 turns).

Jerry the Carver (Demonspawn Berserker)            Turns: 14239, Time: 00:35:00

Health: -14/94     AC: 22    Str: 19    XL:     12   Next: 8%
Magic:  12/12      EV: 13    Int:  9    God:    Trog [*****.]
Gold:   584        SH:  0    Dex: 16    Spells: 0 memorised, 11 levels left

rFire  . . .     SeeInvis .     y - +1 long sword
rCold  . . .     Gourm    +     L - +0 chain mail
rNeg   + . .     Faith    .     (no shield)
rPois  .         Spirit   .     u - +2 hat
rElec  .         Reflect  .     J - +2 cloak
rCorr  .         Harm     .     r - +0 pair of gloves
MR     .....                    h - +1 pair of boots
Stlth  ..........               B - amulet of the gourmand
                                (no ring)
                                p - ring of positive energy

@: exhausted, slowed, very slow
A: horns 1, talons 2, iridescent scales 1, blurry vision 1, nightstalker 2,
powered by death 2, wild magic 1
a: Berserk, Trog's Hand, Brothers in Arms, Burn Spellbooks, Renounce Religion


You were on level 12 of the Dungeon.
You worshipped Trog.
Trog was extremely pleased with you.
You were hungry.

You visited 1 branch of the dungeon, and saw 12 of its levels.

You collected 634 gold pieces.
You spent 50 gold pieces at shops.

Inventory:

Hand Weapons
 y - a +1 long sword (weapon)
Missiles
 n - 3 javelins of penetration
 s - a throwing net (quivered)
Armour
 h - a +1 pair of boots (worn)
 r - a +0 pair of gloves (worn)
 u - a +2 hat (worn)
 J - a +2 cloak (worn)
 L - a +0 chain mail (worn)
Jewellery
 p - a ring of positive energy (left hand)
 B - an amulet of the gourmand (around neck)
Wands
 g - a wand of random effects (8/48)
 l - a wand of enslavement (24/24)
 I - a wand of lightning (13/15)
Scrolls
 a - 3 scrolls of immolation
 d - 3 scrolls of teleportation
 e - 2 scrolls of magic mapping
 f - 9 scrolls of remove curse
 o - 4 scrolls of blinking
 q - a scroll of acquirement {unknown}
 v - 2 scrolls of identify
 E - a scroll of enchant armour
 G - a scroll of recharging
 K - a scroll of random uselessness {unknown}
 N - a scroll of enchant weapon
Potions
 b - 4 potions of curing
 k - 2 potions of berserk rage
 m - a potion of cancellation
 t - 3 potions of heal wounds
 x - a potion of agility
 z - 2 potions of brilliance
 A - a potion of flight
 F - a potion of ambrosia {unknown}
 H - a potion of beneficial mutation
Books
 w - a book of Misfortune

   Spells                             Type                      Level
   a - Confusing Touch                Hexes                        1
   b - Confuse                        Hexes                        3
   c - Gell's Gravitas                Hexes/Translocation          3
   d - Petrify                        Transmutation/Earth          4
   e - Metabolic Englaciation         Hexes/Ice                    5
   f - Yara's Violent Unravelling     Hexes/Transmutation          5
   Trog disapproves of the use of such an item.
Comestibles
 c - 6 bread rations
 i - 10 meat rations
 j - 12 fruits
 C - 6 beef jerkies
 D - 4 slices of pizza
 M - 9 royal jellies


   Skills:
 - Level 8.5 Fighting
 * Level 11.7 Long Blades
 + Level 8.8 Armour
 + Level 9.0 Dodging


You had 11 spell levels left.
You didn't know any spells.

Dungeon Overview and Level Annotations

Branches:
Dungeon (12/15)            Temple (0/1) D:4            Lair (0/6) D:11
    Orc (0/2) D:10

Altars:
Nemelex Xobeh

Shops:
D:6 *((=   D:7 *


Innate Abilities, Weirdness & Mutations

You have razor-sharp toenails.
You are partially covered in iridescent scales. (AC +2)
You are significantly more attuned to the shadows.
You regenerate health from kills.
You have a pair of small horns on your head.
Scrolls take you a little longer to read.
Your spells are a little harder to cast, but a little more powerful.


Message History

Your surroundings suddenly seem different.
An orc warrior comes into view. It is wielding a halberd.
The orc warrior shouts!
An orc wizard comes into view. It is wielding a dagger.
The orc wizard shouts!
A worker ant comes into view.
The worker ant twitches its antennae in your direction.
A cyclops comes into view.
The cyclops shouts!
The orc wizard mumbles some strange words.
The orc wizard blinks!
The cyclops throws a large rock.
The large rock hits you but does no damage.
The worker ant closely misses you.
Found a large rock.
An orc wizard comes into view. It is wielding a dagger.
You see here a large rock.
Really read with blurry vision while enemies are nearby?
The orc wizard shouts!
The cyclops throws a large rock.
The large rock hits you!!
You die...

#######
#......
#....o.
#......
#@a.o..
#......
#.....o
....C..
.#####.
..... ..
.....
.(....#
5#
.......#
..#


You could see a cyclops, an orc warrior, a worker ant and 2 orc wizards.

Vanquished Creatures
  Urug (D:11)
  Nergalle (D:11)
  2 skeletal warriors (D:12)
  6 hill giants
  2 centaur zombies
  A manticore (D:12)
  A kobold demonologist (D:12)
  A komodo dragon (D:11)
  2 trolls
  A hornet (D:11)
  A two-headed ogre (D:11)
  2 hippogriffs
  A wyvern (D:8)
  A vampire (D:12)
  11 yaks
  Grum (D:10)
  3 soldier ants
  2 water moccasins
  A sky beast (D:12)
  A black bear (D:10)
  2 orc warriors (D:10)
  2 ice beasts
  6 ogres
  2 phantoms
  3 wolves (D:10)
  2 crocodiles (D:11)
  9 centaurs
  A big kobold (D:11)
  8 bullfrogs
  A wyvern zombie (D:7)
  A water moccasin skeleton (D:6)
  4 scorpions
  7 killer bees
  5 wights (D:8)
  A howler monkey (D:7)
  11 crimson imps
  A bullfrog zombie (D:12)
  2 jellies
  14 orc wizards
  9 orc priests
  8 hounds
  2 bullfrog skeletons
  5 iguanas
  6 worker ants
  A killer bee zombie (D:7)
  A hound skeleton (D:4)
  Robin (D:3)
  A worker ant zombie (D:11)
  4 gnolls (D:7)
  A howler monkey skeleton (D:4)
  13 adders
  4 shadow imps
  3 oozes
  2 adder skeletons (D:10)
  5 worms
  2 dart slugs
  4 leopard geckos
  41 orcs
  6 ball pythons
  2 giant cockroaches
  15 goblins
  13 hobgoblins
  2 jackals (D:7)
  5 quokkas
  6 bats
  6 frilled lizards
  13 kobolds
  A leopard gecko skeleton (D:4)
  5 rats
311 creatures vanquished.

Vanquished Creatures (others)
  An orc wizard (D:10)
1 creature vanquished.

Grand Total: 312 creatures vanquished

Notes
Turn   | Place    | Note
-------+----------+-------------------------------------------
     0 | D:1      | Jerry the Demonspawn Berserker began the quest for the Orb.
     0 | D:1      | Reached XP level 1. HP: 18/18 MP: 1/1
   306 | D:1      | Gained mutation: You are slightly more attuned to the shadows. [demonic ancestry]
   306 | D:1      | Reached XP level 2. HP: 20/24 MP: 2/2
   868 | D:2      | HP: 1/24 [goblin/dagger (3)]
  1267 | D:2      | Reached XP level 3. HP: 23/29 MP: 3/3
  1409 | D:2      | Reached skill level 3 in Long Blades
  1599 | D:2      | Reached ** piety under Trog
  1651 | D:2      | Found a sparkling altar of Nemelex Xobeh.
  2549 | D:2      | Reached XP level 4. HP: 31/35 MP: 4/4
  3004 | D:3      | Noticed Robin
  3047 | D:3      | Killed Robin
  3219 | D:3      | Gained mutation: You regenerate a little health from kills. [demonic ancestry]
  3219 | D:3      | Reached XP level 5. HP: 42/42 MP: 5/5
  4049 | D:4      | Noticed an ogre
  4063 | D:4      | Killed an ogre
  4063 | D:4      | Gained mutation: You regenerate health from kills. [demonic ancestry]
  4063 | D:4      | Reached XP level 6. HP: 48/48 MP: 6/6
  4172 | D:4      | Reached skill level 4 in Long Blades
  4175 | D:4      | Reached *** piety under Trog
  4421 | D:4      | Found a staircase to the Ecumenical Temple.
  4442 | D:4      | Reached XP level 7. HP: 49/55 MP: 7/7
  5135 | D:5      | Entered Level 5 of the Dungeon
  6190 | D:6      | Reached skill level 5 in Fighting
  6368 | D:6      | Found Rulunocu's Antique Weapon Emporium.
  6384 | D:6      | Found Posei's Jewellery Shoppe.
  6572 | D:6      | Found Fuxonn's Antique Weapon Shop.
  6585 | D:6      | Reached skill level 5 in Long Blades
  6871 | D:6      | Reached XP level 8. HP: 62/62 MP: 8/8
  6887 | D:6      | Noticed a hill giant
  6896 | D:6      | Killed a hill giant
  6896 | D:6      | Reached skill level 6 in Long Blades
  6896 | D:6      | Reached skill level 5 in Dodging
  7052 | D:6      | Found Qioshresh's Assorted Antiques.
  7080 | D:6      | Bought a scroll labeled DIMOLU VAOCKE for 25 gold pieces
  7081 | D:6      | Bought a scroll labeled VUUG DIFOUB for 25 gold pieces
  7199 | D:6      | Reached skill level 5 in Armour
  7561 | D:6      | Gained mutation: You have a pair of small horns on your head. [potion of beneficial mutation]
  7616 | D:7      | Noticed a hippogriff
  7675 | D:7      | Reached **** piety under Trog
  7921 | D:7      | Gained mutation: You have sharp toenails. [demonic ancestry]
  7921 | D:7      | Reached XP level 9. HP: 68/69 MP: 9/9
  7967 | D:7      | Found Coohojeu's Serpentskin Sales.
  8021 | D:7      | Reached skill level 7 in Long Blades
  9086 | D:8      | Reached skill level 8 in Long Blades
  9512 | D:9      | Gained mutation: You are partially covered in iridescent scales. (AC +2) [demonic ancestry]
  9512 | D:9      | Reached XP level 10. HP: 79/79 MP: 10/10
 10213 | D:10     | Entered Level 10 of the Dungeon
 10350 | D:10     | Reached ***** piety under Trog
 10391 | D:10     | Reached skill level 9 in Long Blades
 10464 | D:10     | Noticed Grum
 10482 | D:10     | Killed Grum
 10485 | D:10     | Received a gift from Trog
 10686 | D:10     | Found a staircase to the Orcish Mines.
 10880 | D:10     | Noticed a hill giant
 10896 | D:10     | Killed a hill giant
 11422 | D:11     | Noticed Urug
 11471 | D:11     | Found a staircase to the Lair.
 11525 | D:11     | Killed Urug
 11525 | D:11     | Gained mutation: You are significantly more attuned to the shadows. [demonic ancestry]
 11525 | D:11     | Reached XP level 11. HP: 86/87 MP: 11/11
 11640 | D:11     | Reached skill level 10 in Long Blades
 12285 | D:11     | Noticed a hill giant
 12293 | D:11     | Killed a hill giant
 12401 | D:11     | Noticed a hill giant
 12402 | D:11     | Noticed a hill giant
 12406 | D:11     | Killed a hill giant
 12411 | D:11     | Killed a hill giant
 12448 | D:11     | Noticed Nergalle
 12459 | D:11     | Killed Nergalle
 12685 | D:11     | Received a gift from Trog
 12809 | D:11     | Reached skill level 11 in Long Blades
 13096 | D:12     | Noticed a skeletal warrior
 13127 | D:12     | Killed a skeletal warrior
 13851 | D:12     | Gained mutation: Scrolls take you a little longer to read. [mutagenic meat]
 13852 | D:12     | Gained mutation: Your spells are a little harder to cast, but a little more powerful. [mutagenic meat]
 13869 | D:12     | Noticed a skeletal warrior
 13869 | D:12     | Noticed a skeletal warrior
 13873 | D:12     | Noticed a skeletal warrior
 13897 | D:12     | Noticed a white ugly thing
 14052 | D:12     | Noticed a hill giant
 14060 | D:12     | Killed a hill giant
 14060 | D:12     | Gained mutation: You have razor-sharp toenails. [demonic ancestry]
 14060 | D:12     | Reached XP level 12. HP: 35/94 MP: 12/12
 14239 | D:12     | Hit by a large rock thrown by a cyclops

Skill      XL: |  1  2  3  4  5  6  7  8  9 10 11 12 |
---------------+-------------------------------------+-----
Dodging        | 2 3 4 5 6 7 8 9 |  9.0
Armour         | 2 3 4 5 6 7 8 |  8.8
Long Blades    | 3 4 5 6 8 9 11 | 11.7
Fighting       | 4 5 6 7 8 |  8.5

Action                   |  1- 3 |  4- 6 |  7- 9 | 10-12 || total
-------------------------+-------+-------+-------+-------++-------
Melee: Falchion          |   129 |   223 |   112 |       ||   464
       Long sword        |       |       |   337 |   586 ||   923
       Headbutt          |       |       |    65 |   157 ||   222
Invok: Berserk           |     1 |     5 |     4 |    22 ||    32
       Trog's Hand       |       |     1 |       |       ||     1
  Use: Scroll            |       |       |    22 |     8 ||    30
       Potion            |       |       |     1 |     1 ||     2
 Stab: Sleeping          |     9 |     2 |     4 |     3 ||    18
       Distracted        |       |       |     1 |       ||     1
  Eat: Chunk             |     5 |    12 |    36 |    29 ||    82
       Pizza             |       |       |     2 |       ||     2
       Fruit             |       |       |     1 |       ||     1
Armor: Animal skin       |    20 |     1 |       |       ||    21
       Ring mail         |       |   112 |   159 |    83 ||   354
       Chain mail        |       |       |       |   229 ||   229
Dodge: Dodged            |    78 |   168 |   340 |   325 ||   911
       Rpst.: Falchion   |    29 |    58 |    23 |       ||   110
       Long sword        |       |       |    79 |    99 ||   178
